 Dungeon Crawl Stone Soup version 0.31-a0-702-gf82c85558f (webtiles) character file.

Game seed: 12039343329730918361

9561 IdlyInterested the Martial Artist (level 11, -14/74 (77) HPs)
             Began as a Demonspawn Fighter on Sept 8, 2023.
             Demolished by a death scarab (21 damage)
             ... in a Gauntlet.
             The game lasted 00:39:46 (9285 turns).

IdlyInterested the Martial Artist (DsFi)            Turns: 9285, Time: 00:39:46

HP:   -14/74 (77)   AC: 18    Str: 23    XL:     11   Next: 24%
MP:   11/11         EV: 16    Int:  9    God:
Gold: 70            SH:  5    Dex: 17    Spells: 10/10 levels left

rFire   . .          .
                       - Unarmed
rCold   . . .        c - +0 buckler
rNeg    . . .        U - +4 chain mail
rPois   .            T - +0 helmet
rElec   .            R - +0 cloak {rCorr}
rCorr   +            (gloves unavailable)
SInv    .            b - +2 pair of boots
Will    .....        r - amulet of regeneration Stlth
                     J - +6 ring of strength
HPRegen 1.12/turn    o - +5 ring of evasion
MPRegen 0.12/turn

%: no teleportation
@: slowed, lightly drained, very slow
A: claws 3, foul stench 1, powered by death 2, sturdy frame 1
a: no special abilities


You were in a Gauntlet.
You visited 2 branches of the dungeon, and saw 12 of its levels.
You also visited: Gauntlet.

You collected 543 gold pieces.
You spent 473 gold pieces at shops.

Inventory:

Hand Weapons
 a - a +0 rapier
 A - a +2 dagger of venom
Missiles
 e - 79 stones (quivered)
 i - 4 javelins
 t - 13 poisoned darts
 x - a throwing net
 O - 5 boomerangs
Armour
 b - a +2 pair of boots (worn)
 c - a +0 buckler (worn)
 C - a +0 plate armour
 Q - a +3 leather armour of positive energy
 R - a +0 cloak of preservation (worn)
 T - a +0 helmet (worn)
 U - a +4 chain mail (worn)
Magical Staves
 s - a staff of air
 M - a staff of fire
Jewellery
 g - a ring of protection from cold
 o - a +5 ring of evasion (right claw)
 p - a ring of flight
 r - an amulet of regeneration (around neck)
 y - a ring of protection from cold
 z - a ring of protection from cold
 J - a +6 ring of strength (left claw)
 Y - an amulet of reflection
Talismans
 K - a blade talisman
Wands
 G - a wand of mindburst (35)
 P - a wand of paralysis (15)
 S - a wand of digging (8)
 W - a wand of polymorph (5)
Scrolls
 f - 9 scrolls of identify {unknown}
 j - 3 scrolls of teleportation
 m - 2 scrolls of enchant weapon
 n - 2 scrolls of blinking
 u - a scroll of enchant armour {unknown}
 v - 3 scrolls of vulnerability
 w - 2 scrolls of noise {unknown}
 H - a scroll of poison
 I - 2 scrolls of fog
 L - a scroll of fear {unknown}
 N - a scroll of amnesia
 V - a scroll of brand weapon
Potions
 d - a potion of resistance
 h - a potion of heal wounds {unknown}
 k - 3 potions of enlightenment
 l - a potion of haste
 q - a potion of cancellation
 B - a potion of attraction
 D - 2 potions of invisibility {unknown}
 E - a potion of lignification {unknown}
 F - 2 potions of magic {unknown}
 X - 2 potions of ambrosia {unknown}


   Skills:
 - Level 4.0 Fighting
 - Level 1.7 Short Blades
 - Level 2.0 Throwing
 - Level 4.0 Armour
 - Level 4.0 Dodging
 - Level 2.0 Stealth
 - Level 4.0 Shields
 * Level 13.6 Unarmed Combat
 + Level 1.0 Evocations
 - Level 4.0 Shapeshifting


You had 10 spell levels left.
You didn't know any spells.
Your spell library contained the following spells:

 Spells                   Type           Power      Damage    Failure   Level
 Blink                    Tloc           0%         N/A       95%         2
 Lesser Beckoning         Tloc           0%         N/A       95%         2
 Momentum Strike          Conj/Tloc      0%         3d8       95%         2
 Static Discharge         Conj/Air       0%         2-2/arc   95%         2
 Airstrike                Air            0%         2d(0-16)  100%        4
 Summon Lightning Spire   Summ/Air       0%         N/A       100%        4


Dungeon Overview and Level Annotations

Branches:
Dungeon (11/15)            Temple (1/1) D:6            Lair (0/5) D:9
    Orc (0/2) D:9         Gauntlet (1/1)

Altars:
Ashenzari
Cheibriados
Dithmenos
Fedhas
Gozag
Hepliaklqana
Kikubaaqudgha
Makhleb
Nemelex Xobeh
Okawaru
Qazlal
Ru
Sif Muna
Trog
Uskayaw
Vehumet
Wu Jian
Xom
Yredelemnul

Shops:
D:1 ?   D:7 *   D:8 ?   D:9 :

Annotations:
Gauntlet 9 transporters, 15 runed translucent doors


Innate Abilities, Weirdness & Mutations

You have claws for hands.
You may rarely emit foul miasma when damaged in melee.
You regenerate health from kills.
Your movements are slightly less encumbered by armour. (ER -2)


Message History

The spectral seven-headed hydra closely misses you.
The spectral seven-headed hydra bites you but does no damage. x3
The spectral seven-headed hydra barely misses you.
You mangle the spectral seven-headed hydra!!
The spectral seven-headed hydra is almost destroyed.
The death scarab barely misses you. x2
The spectral seven-headed hydra bites you.
* * * LOW HITPOINT WARNING * * *
You block the spectral seven-headed hydra's attack.
The spectral seven-headed hydra closely misses you.
The spectral seven-headed hydra completely misses you.
The spectral seven-headed hydra bites you but does no damage. x2
The spectral seven-headed hydra barely misses you.
You claw the spectral seven-headed hydra!
You destroy the spectral seven-headed hydra!
The death scarab misses you. You block the death scarab's attack.
The death scarab completely misses you. You block the death scarab's attack.
Training target 2.0 for Stealth reached!
Your Stealth skill increases to level 2!
Unknown command.
It was a potion of resistance.
You feel protected.
The death scarab bites you but does no damage.
It was a potion of haste.
You feel yourself speed up. The death scarab misses you.
The death scarab closely misses you.
It was a potion of cancellation.
Your magical effects are unravelling.
You feel magically purged.
You feel yourself speed up.
You feel yourself slow down.
Your resistance to elements expires.
The death scarab bites you.
* * * LOW HITPOINT WARNING * * *
The death scarab drains your vigour!
You feel yourself slow down.
The death scarab draws strength from your injuries!
Aiming: Mindburst
Press: ? - help, Shift-Dir - straight line, f - death scarab
Aim: a death scarab (chance to affect: 34%)
The death scarab's mind is blasted!
The death scarab bites you!!
You die...

###..###########...########
#..#...+..+..#.8.#.......
###..#...+..+..#...#..##.##
#8#..#..##++#++#####.##...#
###..#..+...+..#...#.#.....
#..#©.+...#.©#©.©#....©..
###..#:.+...+..#...#.#.....
#8#..#?.##++#''#####.##...#
###..#...B@.'..#...#..##.##
#..#...'..'..#.8.#...†©..
###..###########...########
#8#.....#.©.#...§§.........
###...8.#...#...≈8≈........
#.....#.©.#....≈.........
###..###########...########
#8#..#...hy.#..#.8.##...443
###..#h....#...#...#.#.....


You could see a moth of wrath, a death scarab and a wolf.

Vanquished Creatures
  2 two-headed ogres
  A spectral hydra (Gauntlet)
  The ghost of HilariousDeathArtist the Chopper, a novice GnRe of Vehumet (D:6)
  A moth of wrath (Gauntlet)
  2 gargoyles
  A kobold demonologist (D:9)
  A troll (D:10)
  A hornet (D:9)
  Grinder (D:5)
  Sigmund (D:4)
  A vampire (D:11)
  2 shadows (D:10)
  5 yaks (D:9)
  2 steam dragons
  An acid dragon (D:10)
  3 water moccasins (D:7)
  3 orc warriors
  An ice beast (D:6)
  2 black bears (D:6)
  A sky beast (D:7)
  2 centaurs
  5 wolves (Gauntlet)
  A phantom (D:6)
  2 bullfrogs
  A gnoll sergeant (D:9)
  A scorpion (D:4)
  18 wights
  10 killer bees
  A howler monkey (D:6)
  A gnoll bouda (D:8)
  2 orc priests (D:7)
  Crazy Yiuf (D:6)
  2 hounds (D:5)
  A jelly (D:7)
  Ijyb (D:5)
  4 sleepcaps
  2 iguanas
  5 orc wizards
  7 gnolls
  7 adders
  4 shadow imps
  3 white imps
  An ufetubus (D:6)
  2 dart slugs
  18 orcs
  3 bats
  10 endoplasms
  2 giant cockroaches
  7 goblins
  11 hobgoblins
  11 jackals
  8 kobolds
  5 quokkas
  4 ball pythons
  3 frilled lizards
199 creatures vanquished.

Vanquished Creatures (others)
  An orc wizard (D:7)
  An orc (D:7)
2 creatures vanquished.

Grand Total: 201 creatures vanquished

Notes
Turn   | Place    | Note
-------+----------+-------------------------------------------
     0 | D:1      | IdlyInterested the Demonspawn Fighter began the quest for
                  | the Orb.
     0 | D:1      | Reached XP level 1. HP: 18/18 MP: 1/1
   109 | D:1      | Gained mutation: You have sharp fingernails. [demonic
                  | ancestry]
   109 | D:1      | Reached XP level 2. HP: 15/24 MP: 2/2
   319 | D:1      | Reached skill level 1 in Unarmed Combat
   420 | D:1      | Found a transporter.
   420 | D:1      | Found Ytuciusu's Magic Scroll Emporium.
   472 | D:1      | Found a transporter.
   534 | D:1      | Reached XP level 3. HP: 27/29 MP: 3/3
   709 | D:1      | Bought a scroll of enchant weapon for 75 gold pieces
   790 | D:2      | Found a sacrificial altar of Ru.
   903 | D:2      | Reached skill level 1 in Dodging
  1050 | D:2      | Reached skill level 2 in Unarmed Combat
  1255 | D:3      | Gained mutation: You have very sharp fingernails. [demonic
                  | ancestry]
  1255 | D:3      | Reached XP level 4. HP: 35/35 MP: 4/4
  1457 | D:3      | Found a stormy altar of Qazlal.
  1573 | D:3      | Found a broken altar of Ashenzari.
  1931 | D:4      | Noticed Sigmund
  1949 | D:4      | Killed Sigmund
  1950 | D:4      | Reached skill level 3 in Unarmed Combat
  1950 | D:4      | Gained mutation: You have claws for hands. [demonic
                  | ancestry]
  1950 | D:4      | Reached XP level 5. HP: 12/41 MP: 5/5
  2085 | D:4      | Reached skill level 4 in Unarmed Combat
  2085 | D:4      | Reached XP level 6. HP: 30/47 MP: 6/6
  2434 | D:4      | Found an ornate altar of the Wu Jian Council.
  2609 | D:4      | Found a hazy altar of Hepliaklqana.
  3088 | D:5      | Entered Level 5 of the Dungeon
  3117 | D:5      | Reached skill level 5 in Unarmed Combat
  3181 | D:5      | Reached skill level 1 in Throwing
  3456 | D:1      | Bought a scroll of blinking for 75 gold pieces
  3456 | D:1      | Bought a scroll of vulnerability for 40 gold pieces
  3456 | D:1      | Bought a scroll of poison for 40 gold pieces
  3567 | D:5      | Noticed a steam dragon
  3576 | D:5      | Killed a steam dragon
  3577 | D:5      | Gained mutation: You may rarely emit foul miasma when
                  | damaged in melee. [demonic ancestry]
  3577 | D:5      | Reached XP level 7. HP: 27/52 MP: 7/7
  3621 | D:5      | You fall into a shaft and drop 2 floors!
  3680 | D:7      | Reached skill level 6 in Unarmed Combat
  3754 | D:6      | Found a shimmering altar of Xom.
  3817 | D:6      | Reached skill level 7 in Unarmed Combat
  3835 | D:6      | Found a runed translucent gate.
  3841 | D:6      | Noticed a gargoyle
  3853 | D:6      | Noticed HilariousDeathArtist's ghost (novice GnRe)
  3859 | D:6      | Found a runed translucent gate.
  3860 | D:6      | Found a runed translucent gate.
  3879 | D:6      | Gained mutation: You regenerate a little health from kills.
                  | [demonic ancestry]
  3879 | D:6      | Reached XP level 8. HP: 58/58 MP: 8/8
  4009 | D:1      | Bought a scroll of fog for 40 gold pieces
  4009 | D:1      | Bought a scroll of amnesia for 40 gold pieces
  4135 | D:5      | Noticed Grinder
  4138 | D:5      | Noticed Ijyb
  4148 | D:5      | Paralysed by Ijyb for 2 turns
  4160 | D:5      | Killed Ijyb
  4161 | D:5      | Reached skill level 1 in Stealth
  4177 | D:5      | Killed Grinder
  4178 | D:5      | Reached skill level 8 in Unarmed Combat
  4178 | D:5      | Reached skill level 1 in Evocations
  4668 | D:6      | Found a runed translucent door.
  4669 | D:6      | Noticed Crazy Yiuf
  4679 | D:6      | Killed Crazy Yiuf
  4846 | D:6      | Found a staircase to the Ecumenical Temple.
  4884 | D:6      | Reached skill level 1 in Shapeshifting
  4909 | D:6      | Killed HilariousDeathArtist's ghost
  4910 | D:6      | Reached skill level 9 in Unarmed Combat
  4914 | D:6      | Gained mutation: You regenerate health from kills. [demonic
                  | ancestry]
  4914 | D:6      | Reached XP level 9. HP: 23/65 MP: 9/9
  4918 | D:6      | HP: 1/65 [gargoyle/+0 flail (21)]
  4930 | D:6      | Killed a gargoyle
  5089 | D:1      | Bought a scroll of teleportation for 30 gold pieces
  5337 | D:7      | Reached skill level 10 in Unarmed Combat
  5690 | D:7      | Found Ycaz Ita's Overcharged Wands.
  6325 | Temple   | Entered the Ecumenical Temple
  6390 | D:8      | Reached skill level 11 in Unarmed Combat
  6698 | D:8      | Found Hetoenoa's Magic Scroll Shoppe.
  6931 | D:9      | Gained mutation: Your movements are slightly less
                  | encumbered by armour. (ER -2) [demonic ancestry]
  6931 | D:9      | Reached XP level 10. HP: 71/71 MP: 10/10
  7136 | D:9      | Noticed a soul eater
  7181 | D:9      | Found a staircase to the Orcish Mines.
  7252 | D:9      | Found a staircase to the Lair.
  7279 | D:9      | Noticed a two-headed ogre
  7280 | D:9      | Found Wipint's Self-Published Books.
  7285 | D:9      | Reached skill level 12 in Unarmed Combat
  7287 | D:9      | Killed a two-headed ogre
  7723 | D:10     | Entered Level 10 of the Dungeon
  7723 | D:10     | Noticed a gargoyle
  7729 | D:10     | Killed a gargoyle
  8251 | D:10     | Noticed a two-headed ogre
  8256 | D:10     | Killed a two-headed ogre
  8257 | D:10     | Reached skill level 13 in Unarmed Combat
  8321 | D:10     | Reached XP level 11. HP: 76/77 MP: 11/11
  8652 | D:8      | Bought a scroll of brand weapon for 133 gold pieces
  8959 | D:11     | Found a gate leading to a gauntlet.
  8964 | Gauntlet | Entered a Gauntlet
  8964 | Gauntlet | Found a transporter.
  8964 | Gauntlet | Found a transporter.
  8967 | Gauntlet | Noticed a dire elephant
  8973 | Gauntlet | Found a transporter.
  8982 | Gauntlet | Found a transporter.
  8983 | Gauntlet | Found a transporter.
  8985 | Gauntlet | Found a large runed translucent door.
  8986 | Gauntlet | Found a large runed translucent door.
  8987 | Gauntlet | Found a large runed translucent door.
  8987 | Gauntlet | Found a large runed translucent door.
  8987 | Gauntlet | Found a runed translucent door.
  8987 | Gauntlet | Found a runed translucent door.
  8988 | Gauntlet | Found a large runed translucent door.
  8988 | Gauntlet | Found a large runed translucent door.
  8988 | Gauntlet | Found a large runed translucent door.
  8988 | Gauntlet | Found a large runed translucent door.
  8989 | Gauntlet | Found a transporter.
  8989 | Gauntlet | Found a large runed translucent door.
  8989 | Gauntlet | Found a large runed translucent door.
  8990 | Gauntlet | Found a large runed translucent door.
  8990 | Gauntlet | Found a large runed translucent door.
  8991 | Gauntlet | Found a runed translucent gate.
  8991 | Gauntlet | Found a runed translucent gate.
  8991 | Gauntlet | Noticed a death scarab
  9008 | Gauntlet | Found a transporter.
  9030 | Gauntlet | Found a transporter.
  9056 | Gauntlet | Found a transporter.
  9060 | Gauntlet | Found a runed translucent gate.
  9065 | Gauntlet | Found a large runed translucent door.
  9066 | Gauntlet | Found a large runed translucent door.
  9076 | Gauntlet | Found a large runed translucent door.
  9076 | Gauntlet | Found a large runed translucent door.
  9123 | Gauntlet | Found a transporter.
  9123 | Gauntlet | Found a transporter.
  9138 | Gauntlet | Found a transporter.
  9147 | Gauntlet | Noticed a quicksilver ooze
  9285 | Gauntlet | Demolished by a death scarab

Illustrated notes

Levels and vault maps discovered:
D:1:      lemuel_arrival_funnel, layout_basic, serial_shops,
          nicolae_shop_drivethru
D:2:      layout_rooms, basic_altar
D:3:      layout_loops_ring, overflow_temple_1_default,
          mainiacjoe_overflow_alcove_4
D:4:      layout_layer_cave, mainiacjoe_overflow_catch_the_wave, uniq_sigmund
D:5:      layout_cave_pools, serial_rivers, chequers_serial_rivers_micro_e,
          chequers_serial_rivers_large_a, chequers_serial_rivers_micro_c,
          chequers_serial_rivers_room_b, chequers_serial_rivers_micro_a,
          uniq_ijyb, uniq_grinder
D:6:      layout_rooms, lemuel_crystal_altar, minmay_temple_entry_from_below_a,
          gammafunk_ghost_split, uniq_crazy_yiuf_cottage
D:7:      layout_basic, nrook_mini_vaults, st_stairs_2, grunt_decor_junction,
          nicolae_shop_overcharged_wands
D:8:      layout_rooms, serial_shops, nicolae_square_shop
D:9:      layout_long_grid, lair_entry_dummy, orc_0_dummy, nicolae_custom_books
D:10:     layout_loops_corners
D:11:     layout_basic, gauntlet_entry_generic
Temple:   minmay_crystal_spiral_temple
Gauntlet: gammafunk_gauntlet_shortcut [gammafunk_gauntlet_arena_chambers,
          nicolae_gauntlet_arena_grate_2,
          gammafunk_gauntlet_arena_split_diamond,
          minmay_gauntlet_arena_make_your_own_arena, nicolae_gauntlet_swirl,
          nicolae_gauntlet_arena_x, dreamdust_gauntlet_exit_labyrinth]

Skill      XL: |  1  2  3  4  5  6  7  8  9 10 11 |
---------------+----------------------------------+-----
Armour         | 3 4 |  4.0
Unarmed Combat | 1 2 3 4 5 7 9 11 13 | 13.6
Dodging        | 1 2 3 4 |  4.0
Throwing       | 1 2 |  2.0
Stealth        | 1 2 |  2.0
Evocations     | 1 |  1.0
Shapeshifting  | 1 4 |  4.0
Fighting       | 4 |  4.0
Shields        | 3 4 |  4.0
Short Blades   | |  1.7

Action                     |  1- 3 |  4- 6 |  7- 9 | 10-12 || total
---------------------------+-------+-------+-------+-------++-------
  Melee: Rapier            |   146 |       |       |       ||   146
         Unarmed           |    17 |   140 |   276 |   196 ||   629
  Throw: Dart              |       |       |     1 |       ||     1
         Stone             |       |       |     2 |     1 ||     3
  Evoke: Wand              |       |       |       |     1 ||     1
    Use: Potion            |       |     1 |     7 |     3 ||    11
 Armour: Scale mail        |   114 |    36 |       |       ||   150
         Plate armour      |       |    38 |    49 |       ||    87
         Leather armour    |       |       |    79 |    52 ||   131
         Chain mail        |       |       |       |    63 ||    63
  Dodge: Dodged            |    84 |    85 |   143 |   155 ||   467
  Block: Buckler           |    43 |    24 |    42 |    44 ||   153

Table legend: (Time is in decaauts)
 A = Elapsed time spent in this place.
 B = Non-inter-level travel time spent in this place.
 C = Inter-level travel time spent in this place.
 D = Time resting spent in this place.
 E = Time spent auto-exploring this place.
 F = Levels seen in this place.
 G = Mean time per level.
                   A        B        C        D        E       F      G
               +--------+--------+--------+--------+--------+-----+--------+
         Total |   9262 |   7506 |   1756 |    285 |   4545 |  13 |  712.5 |
       Dungeon |   8944 |   7188 |   1756 |    285 |   4545 |  11 |  813.1 |
        Temple |      1 |      1 |      0 |      0 |      0 |   1 |    1.0 |
      Gauntlet |    316 |    316 |      0 |      0 |      0 |   1 |  316.0 |
               +--------+--------+--------+--------+--------+-----+--------+

Top non-repeatable levels by time:
     D:4: 1386 daAuts
     D:7: 1171 daAuts
     D:1: 942 daAuts
    D:10: 914 daAuts
     D:9: 869 daAuts
     D:5: 851 daAuts
     D:6: 785 daAuts
     D:3: 769 daAuts
     D:2: 536 daAuts
     D:8: 523 daAuts
Gauntlet: 316 daAuts
    D:11: 194 daAuts
  Temple: 1 daAuts
